General information
- name: BNet
- type: Ladder team game (AT/RT)
- host: Battle.net
- saver: Funny
map: LastManStanding
- players: 8
- length: 27:28
- speed: Fast
- version: 1.27 W3XP
- replay type: Public
» download(137 KB)
Players
team 1 (loser)
SuckMyKiss (
yellow | 39 APM | 964 actions | 24:46)
2 Mountain King
1 Storm Bolt
1 Thunder Clap
2 Keeper of the Grove
2 Entangling Roots
» actions
| Basic commands | 24 | |
| Build / train | 130 | |
| Enter build submenu | 63 | |
| Enter hero's abilities submenu | 4 | |
| Right click | 285 | |
| Select / deselect | 379 | |
| Use ability | 79 | |
964 total
» units
| Peasant | 35 | |
| Wisp | 4 | |
| Archer | 36 | |
| Siege Engine | 10 | |
85 total
» upgrades
| Masonry | 2 | |
| Gunpowder | 2 | |
| Plating | 1 | |
| Strength of the Moon | 3 | |
| Lumber Harvesting | 1 | |
| Moon Armor | 2 | |
| Barrage | 1 | |
12 total
» buildings
| Farm | 12 | |
| Altar of Kings | 1 | |
| Lumber Mill | 1 | |
| Scout Tower | 30 | |
| Guard Tower | 20 | |
| Altar of Elders | 1 | |
| Moon Well | 8 | |
| Ancient of War | 1 | |
| Arcane Vault | 1 | |
| Town Hall | 1 | |
| Tree of Ages | 1 | |
| Blacksmith | 1 | |
| Keep | 1 | |
| Hunter's Hall | 1 | |
| Castle | 1 | |
| Tree of Eternity | 1 | |
| Workshop | 5 | |
87 total
» build order
00:07 Farm
00:11 Altar of Kings
01:18 Lumber Mill
01:32 Scout Tower
01:47 Scout Tower
01:57 Scout Tower
02:12 Scout Tower
02:22 Guard Tower
02:35 Altar of Elders
02:39 Moon Well
02:42 Ancient of War
02:45 Guard Tower
02:49 Scout Tower
02:52 Scout Tower
03:00 Farm
03:05 Guard Tower
03:21 Farm
03:23 Farm
03:49 Guard Tower
03:59 Guard Tower
04:15 Guard Tower
05:44 Arcane Vault
07:31 Town Hall
07:37 Tree of Ages
07:58 Moon Well
08:01 Moon Well
08:05 Scout Tower
08:06 Scout Tower
08:09 Scout Tower
08:34 Guard Tower
08:35 Blacksmith
08:42 Guard Tower
08:45 Scout Tower
08:48 Keep
09:24 Moon Well
09:27 Moon Well
09:32 Hunter's Hall
09:45 Scout Tower
09:46 Scout Tower
09:48 Scout Tower
09:56 Guard Tower
09:57 Scout Tower
10:04 Scout Tower
10:45 Guard Tower
10:46 Scout Tower
10:50 Scout Tower
10:56 Scout Tower
10:58 Scout Tower
11:04 Guard Tower
11:12 Scout Tower
11:13 Castle
11:16 Tree of Eternity
11:28 Guard Tower
11:28 Scout Tower
11:30 Guard Tower
11:31 Scout Tower
11:40 Guard Tower
11:45 Farm
11:46 Farm
11:47 Farm
11:48 Farm
11:50 Farm
11:52 Farm
12:00 Guard Tower
12:01 Scout Tower
12:03 Scout Tower
12:07 Scout Tower
12:21 Workshop
12:24 Workshop
12:32 Workshop
12:36 Workshop
12:45 Workshop
12:46 Guard Tower
12:49 Scout Tower
12:51 Scout Tower
12:54 Scout Tower
13:01 Farm
13:02 Farm
13:20 Guard Tower
13:25 Scout Tower
13:27 Scout Tower
13:28 Guard Tower
13:45 Moon Well
13:52 Moon Well
13:54 Moon Well
15:40 Guard Tower
15:41 Guard Tower
» items
TrapperKeeper (
orange | 25 APM | 690 actions | 27:25)
4 Tauren Chieftain
2 Shockwave
2 Endurance Aura
» actions
| Basic commands | 8 | |
| Build / train | 62 | |
| Enter build submenu | 75 | |
| Enter hero's abilities submenu | 5 | |
| Remove unit from queue | 3 | |
| Right click | 231 | |
| Select / deselect | 240 | |
| Use ability | 66 | |
690 total
» units
| Peon | 26 | |
| Wisp | 5 | |
| Tauren | 6 | |
| Flying Machine | 6 | |
43 total
» upgrades
| Spiked Barricades | 3 | |
| Melee Weapons | 1 | |
| Armor | 1 | |
| Flak Cannons | 1 | |
6 total
» buildings
| War Mill | 1 | |
| Orc Burrow | 7 | |
| Watch Tower | 46 | |
| Ancient of War | 1 | |
| Moon Well | 1 | |
| Altar of Storms | 1 | |
| Stronghold | 1 | |
| Fortress | 1 | |
| Tauren Totem | 2 | |
| Great Hall | 1 | |
| Keep | 1 | |
63 total
» build order
00:17 War Mill
00:52 Orc Burrow
04:05 Watch Tower
04:18 Watch Tower
04:20 Watch Tower
05:28 Watch Tower
05:57 Ancient of War
06:02 Moon Well
06:26 Watch Tower
06:28 Watch Tower
06:30 Watch Tower
06:32 Watch Tower
06:53 Altar of Storms
07:47 Watch Tower
07:53 Watch Tower
07:55 Watch Tower
08:01 Watch Tower
08:14 Watch Tower
08:19 Watch Tower
08:27 Orc Burrow
08:55 Stronghold
09:05 Watch Tower
09:23 Watch Tower
09:28 Watch Tower
09:31 Watch Tower
09:38 Watch Tower
09:49 Watch Tower
10:13 Watch Tower
10:47 Watch Tower
10:58 Watch Tower
11:10 Watch Tower
11:19 Watch Tower
11:35 Watch Tower
12:46 Watch Tower
12:53 Watch Tower
13:01 Watch Tower
13:07 Fortress
13:32 Watch Tower
13:37 Orc Burrow
14:10 Watch Tower
14:41 Watch Tower
14:53 Orc Burrow
15:28 Watch Tower
15:43 Tauren Totem
15:48 Tauren Totem
16:03 Orc Burrow
16:24 Watch Tower
16:58 Orc Burrow
17:00 Orc Burrow
17:24 Watch Tower
17:34 Watch Tower
17:40 Watch Tower
17:43 Watch Tower
18:28 Watch Tower
19:20 Watch Tower
19:41 Watch Tower
20:31 Watch Tower
20:37 Watch Tower
21:19 Watch Tower
24:01 Great Hall
24:04 Watch Tower
24:06 Watch Tower
26:54 Keep
» items
| Scroll of Town Portal | 1 | |
| Potion of Healing | 1 | |
2 total

»
Copula (
red | 0 APM | 0 actions | 00:52)

»
emoplushyfairy (
pink | 34 APM | 647 actions | 18:50)
3 Shadow Hunter
2 Healing Wave
1 Serpent Ward
1 Beastmaster
1 Summon Bear
» actions
| Build / train | 87 | |
| Enter build submenu | 16 | |
| Enter hero's abilities submenu | 4 | |
| Give item / drop item | 2 | |
| Remove unit from queue | 1 | |
| Right click | 264 | |
| Select / deselect | 239 | |
| Use ability | 34 | |
647 total
» units
| Peon | 12 | |
| Troll Headhunter/Berserker | 24 | |
| Centaur Outrunner | 1 | |
| Harpy Rogue | 2 | |
| Shaman | 13 | |
52 total
» upgrades
| Ranged Weapons | 2 | |
| Armor | 1 | |
| Spiked Barricades | 1 | |
| Troll Regeneration | 1 | |
| Shaman Training | 2 | |
| Berserker Upgrade | 1 | |
8 total
» buildings
| Altar of Storms | 1 | |
| Orc Burrow | 6 | |
| Barracks | 1 | |
| War Mill | 1 | |
| Stronghold | 1 | |
| Voodoo Lounge | 1 | |
| Fortress | 2 | |
| Spirit Lodge | 1 | |
| Ancient Protector | 1 | |
15 total
» build order
00:06 Altar of Storms
00:09 Orc Burrow
01:21 Barracks
01:34 War Mill
02:36 Orc Burrow
04:06 Stronghold
04:25 Voodoo Lounge
05:53 Orc Burrow
06:43 Fortress
06:43 Fortress
07:34 Orc Burrow
08:38 Spirit Lodge
13:22 Orc Burrow
14:32 Orc Burrow
16:30 Ancient Protector
» items
| Scroll of Town Portal | 3 | |
| Tiny Great Hall | 2 | |
| Orb of Lightning | 1 | |
6 total
team 2 (winner)

»
jizzm (
purple | 68 APM | 1879 actions | 27:26)
7 Dreadlord
3 Sleep
3 Vampiric Aura
1 Inferno
7 Death Knight
3 Death Coil
3 Unholy Aura
1 Animate Dead
» actions
| Assign group hotkey | 24 | |
| Basic commands | 17 | |
| Build / train | 108 | |
| ESC pressed | 1 | |
| Enter build submenu | 40 | |
| Enter hero's abilities submenu | 14 | |
| Give item / drop item | 3 | |
| Right click | 554 | |
| Select / deselect | 398 | |
| Select group hotkey | 652 | |
| Use ability | 68 | |
1879 total
» units
| Acolyte | 14 | |
| Ghoul | 12 | |
| Gargoyle | 17 | |
| Goblin Zeppelin | 2 | |
45 total
» upgrades
| Creature Attack | 3 | |
| Stone Form | 1 | |
| Creature Carapace | 3 | |
| Backpack | 1 | |
8 total
» buildings
| Ziggurat | 17 | |
| Crypt | 4 | |
| Altar of Darkness | 1 | |
| Halls of the Dead | 3 | |
| Necropolis | 1 | |
| Graveyard | 2 | |
| Tomb of Relics | 6 | |
| Spirit Tower | 4 | |
| Nerubian Tower | 4 | |
| Black Citadel | 2 | |
44 total
» build order
00:22 Ziggurat
00:25 Crypt
00:55 Altar of Darkness
01:08 Ziggurat
03:41 Halls of the Dead
03:41 Halls of the Dead
04:04 Ziggurat
04:48 Necropolis
05:18 Graveyard
05:36 Crypt
06:08 Ziggurat
06:43 Ziggurat
07:05 Ziggurat
07:08 Tomb of Relics
07:47 Spirit Tower
07:53 Ziggurat
08:03 Crypt
08:07 Nerubian Tower
08:07 Nerubian Tower
08:17 Nerubian Tower
08:20 Ziggurat
08:24 Spirit Tower
08:59 Crypt
09:24 Black Citadel
10:46 Spirit Tower
11:30 Graveyard
19:15 Tomb of Relics
20:55 Ziggurat
20:59 Ziggurat
21:08 Ziggurat
21:09 Ziggurat
21:12 Tomb of Relics
22:25 Spirit Tower
22:27 Ziggurat
22:48 Tomb of Relics
22:57 Tomb of Relics
22:59 Tomb of Relics
23:02 Ziggurat
23:05 Ziggurat
23:08 Ziggurat
25:22 Ziggurat
» items
| Potion of Healing | 3 | |
| Potion of Mana | 2 | |
5 total
Funny (
blue | 2 APM | 62 actions | 27:28)
» actions
| Right click | 1 | |
| Select / deselect | 61 | |
62 total
Manleykid (
teal | 59 APM | 1511 actions | 25:37)
5 Beastmaster
1 Summon Bear
1 Summon Quilbeast
3 Summon Hawk
» actions
| Build / train | 58 | |
| Enter build submenu | 24 | |
| Enter hero's abilities submenu | 5 | |
| Remove unit from queue | 2 | |
| Right click | 1069 | |
| Select / deselect | 309 | |
| Use ability | 44 | |
1511 total
» units
| Peon | 9 | |
| Troll Headhunter/Berserker | 4 | |
| Grunt | 2 | |
| Wind Rider | 23 | |
38 total
» upgrades
| Ranged Weapons | 3 | |
| Armor | 2 | |
| Envenomed Spears | 1 | |
6 total
» buildings
| Orc Burrow | 7 | |
| Altar of Storms | 1 | |
| Barracks | 1 | |
| War Mill | 1 | |
| Voodoo Lounge | 1 | |
| Watch Tower | 4 | |
| Stronghold | 1 | |
| Fortress | 1 | |
| Beastiary | 3 | |
20 total
» build order
00:15 Orc Burrow
00:23 Altar of Storms
00:57 Barracks
01:18 War Mill
01:52 Voodoo Lounge
02:47 Orc Burrow
03:25 Orc Burrow
03:55 Orc Burrow
04:55 Watch Tower
05:12 Stronghold
06:11 Watch Tower
07:45 Fortress
07:50 Beastiary
08:43 Beastiary
09:06 Watch Tower
11:31 Orc Burrow
11:35 Orc Burrow
12:38 Orc Burrow
13:41 Beastiary
16:46 Watch Tower
» items
| Lesser Clarity Potion | 2 | |
| Healing Salve | 1 | |
| Orb of Lightning | 1 | |
4 total
Brennen (
green | 42 APM | 1145 actions | 27:26)
6 Dark Ranger
3 Life Drain
2 Black Arrow
1 Charm
3 Death Knight
2 Death Coil
1 Unholy Aura
4 Lich
2 Frost Nova
2 Frost Armor
» actions
| Assign group hotkey | 25 | |
| Build / train | 106 | |
| ESC pressed | 1 | |
| Enter build submenu | 27 | |
| Enter hero's abilities submenu | 13 | |
| Give item / drop item | 3 | |
| Remove unit from queue | 1 | |
| Right click | 496 | |
| Select / deselect | 218 | |
| Select group hotkey | 202 | |
| Use ability | 53 | |
1145 total
» units
| Acolyte | 7 | |
| Ghoul | 13 | |
| Crypt Fiend | 12 | |
| Frost Wyrm | 3 | |
| Raider | 6 | |
41 total
» upgrades
| Creature Attack | 3 | |
| Web | 1 | |
| Unholy Strength | 3 | |
| Creature Carapace | 3 | |
| Unholy Armor | 3 | |
| Freezing Breath | 1 | |
| Cannibalize | 1 | |
| Ghoul Frenzy | 1 | |
| Burrow | 1 | |
| Stone Form | 1 | |
| Backpack | 1 | |
| Berserker Upgrade | 1 | |
| Ensnare | 1 | |
21 total
» buildings
| Graveyard | 1 | |
| Crypt | 2 | |
| Altar of Darkness | 1 | |
| Ziggurat | 15 | |
| Tomb of Relics | 1 | |
| Halls of the Dead | 1 | |
| Spirit Tower | 4 | |
| Black Citadel | 1 | |
| Sacrificial Pit | 1 | |
| Boneyard | 2 | |
| Nerubian Tower | 1 | |
30 total
» build order
00:10 Graveyard
00:14 Crypt
00:42 Altar of Darkness
01:09 Ziggurat
01:11 Tomb of Relics
01:54 Ziggurat
03:23 Halls of the Dead
05:40 Crypt
06:05 Ziggurat
06:55 Ziggurat
06:58 Ziggurat
07:03 Ziggurat
08:08 Spirit Tower
08:50 Ziggurat
08:57 Ziggurat
09:01 Ziggurat
11:06 Black Citadel
12:15 Spirit Tower
13:39 Sacrificial Pit
14:33 Boneyard
14:44 Boneyard
16:49 Spirit Tower
21:17 Ziggurat
21:21 Ziggurat
21:24 Ziggurat
21:29 Ziggurat
21:41 Ziggurat
23:12 Spirit Tower
23:24 Ziggurat
25:09 Nerubian Tower
» items
| Rod of Necromancy | 4 | |
| Scroll of Town Portal | 2 | |
| Potion of Healing | 4 | |
| Scroll of Healing | 2 | |
| Orb of Corruption | 2 | |
14 total
Chat log
(00:24 / Allies) Brennen: cmon blue
(00:25 / Allies) Brennen: da f
(00:31 / Allies) Manleykid: wtf
(00:33 / Allies) Manleykid: we lost
(00:38 / Allies) Brennen: gg
(00:42 / Allies) jizzm: -.-
(00:56 / Allies) Brennen: ok good
(00:58 / Allies) Brennen: now its even
(01:04 / All) Brennen: one of our guys is afk so its 3v3
(08:32 / Allies) Manleykid: windriders
(09:02 / Allies) jizzm: ?
(09:05 / Allies) jizzm: take the gold teal
(09:08 / Allies) jizzm: i got 2 mines
(09:17 / Allies) Manleykid: im falling behind
(09:19 / Allies) Manleykid: thats all
(09:26 / Allies) Brennen: im good on gold i got 2 mines
(09:30 / Allies) Brennen: anyoen got 100 lum?
(09:34 / Allies) Brennen: for 100 gold
(10:08 / Allies) jizzm: lets get mid
(10:34 / Allies) Funny: win for me, slaves
(10:40 / Allies) jizzm: yes masa
(10:55 / Allies) Brennen: cyan
(10:58 / Allies) Brennen: lets get u another mine
(11:41 / Allies) Funny: i will harvest lumber for my slaves
(12:25 / Allies) jizzm: dont tangle it
(13:01 / Allies) Manleykid: ty
(13:39 / Allies) jizzm: hmm
(14:07 / Allies) Manleykid: almost good on units
(14:28 / Allies) Funny: they have a big tower wall and 5 workshops
(14:31 / Allies) Funny: massing tanks i think
(15:01 / Allies) Funny: ye yellow mass tnaks in mid
(15:07 / Allies) jizzm: well
(15:08 / Allies) Funny: and then they have another tower wall past that, itsh elms deep
(15:13 / Allies) Funny: red has like 40 archers
(15:19 / Allies) Funny: and pink mass berserkers
(16:07 / Allies) Funny: they are marching
(16:16 / Allies) Funny: orange has nothing he is noob
(16:19 / Allies) jizzm: we fucked
(16:27 / Allies) Funny: archers tanks and berserkers
(16:35 / Allies) Funny: good luck my slaves
(16:57 / Allies) Funny: they are trapped in yellow's tower wall and very slow to hit
(17:07 / Allies) Funny: the pathfinding is stuck, they are killing buildings
(17:16 / Allies) Funny: orange is pinging purple
(17:17 / Allies) Brennen: blue can you lumber me?
(17:18 / Allies) Funny: someone is tping
(17:23 / Allies) Funny: yes my slave
(17:26 / Allies) Brennen: ty
(18:00 / Allies) Funny: they have finally exited helms deep
(18:02 / Allies) jizzm: stay b
(18:32 / Allies) Funny: careful of the towers
(18:51 / Allies) Funny: it will be impossible to break without siege or dragonhawk riders
(19:32 / Allies) Funny: lol yellow amoving his tanks that don't attack ground units onto them
(19:49 / Allies) Funny: yellow is still pumping mass tanks, he has 5 workshops
(19:56 / Allies) Funny: and they are 2/1 upgraded with barrage
(21:15 / Allies) Funny: yellow is 84/96 food tanks
(21:21 / Allies) Manleykid: kool
(21:23 / Allies) Funny: he has 1.4k gold and 3.4k lumber
(21:26 / Allies) Funny: he will keep massing
(21:29 / Allies) Manleykid: im nrapping around the map
(21:52 / Allies) Funny: wyverns probably aren't really needed at this point
(21:56 / Allies) Funny: it's just towers and tanks
(22:26 / Allies) Funny: wow its ww2 here
(22:30 / Allies) Funny: the germans are coming
(22:37 / Allies) Funny: u need to counter the panzers my slaves
(23:06 / Allies) Funny: he has thousands of gold to keep massing tanks
(23:11 / Allies) Funny: you need to counter them slaves
(23:46 / Allies) Brennen: hello????????????/\
(23:56 / Allies) Funny: you need to counter the siege engines my slave
(24:08 / Allies) Funny: meat wagons, demolishers
(24:18 / Allies) Funny: not crypt fiends, or wyverns
(24:47 / Allies) Brennen: blye
(24:51 / Allies) Brennen: blue can you start playing?
(24:52 / Allies) Funny: good slaves
(24:57 / Allies) Funny: it appears you will be getting me a win after all
(25:04 / Allies) Funny: you play for me and earn me this win
(25:08 / Allies) jizzm: youre welcome
(25:18 / Allies) Funny: yes, that's a good polite slave
(25:23 / Allies) Funny: respect ur master
(25:41 / Allies) jizzm: lol
(25:52 / Allies) Funny: what an unruly slave abandoning his master and leaving the game
(26:09 / Allies) Funny: this stupid slave should have made demolishers but he made wyverns
(26:10 / Allies) Brennen: wtf
(26:17 / Allies) Brennen: blue can you play for cyan please
(26:20 / Allies) jizzm: word
(26:28 / Allies) Funny: no, you are my slaves, you will win me this game or die trying
(26:45 / Allies) Funny: you two must make things that kill towers and siege engines, you are being stupid slaves.